 Dungeon Crawl Stone Soup version 0.30-a0-937-ga0a21ad780 (webtiles) character file.

Game seed: 13165767637293090754

107 Iniera the Ruffian (level 4, -10/31 HPs)
             Began as an Octopode Fighter on Mar 25, 2023.
             Killed by nerve-wracking pain
             ... invoked by an orc priest
              (12 damage)
             ... on level 3 of the Dungeon.
             The game lasted 00:03:29 (2453 turns).

Iniera the Ruffian (Octopode Fighter)               Turns: 2453, Time: 00:03:30

Health: -10/31     AC:  1    Str: 17    XL:     4   Next: 85%
Magic:  4/4        EV: 18    Int: 10    God:
Gold:   306        SH:  4    Dex: 11    Spells: 3/3 levels left

rFire   . . .      SeeInvis .      - Unarmed
rCold   . . .      Faith    .    a - +0 buckler
rNeg    . . .      Spirit   .    (helmet restricted)
rPois   .          Reflect  .    (no amulet)
rElec   .          Rampage  .    n - +5 ring of evasion
rCorr   .                        (no ring)
Will    .....                    (no ring)
Stlth   ++                       (no ring)
HPRegen 0.25/turn                (no ring)
MPRegen 0.09/turn                (no ring)
                                 (no ring)
                                 (no ring)

@: no status effects
A: almost no armour, amphibious, 8 rings, camouflage 1, gelatinous body 1,
(nimble swimmer 1), tentacles
a: no special abilities


You were on level 3 of the Dungeon.
You visited 1 branch of the dungeon, and saw 4 of its levels.

You collected 306 gold pieces.

Inventory:

Armour
 a - a +0 buckler (worn)
Jewellery
 n - a +5 ring of evasion (left tentacle)
Scrolls
 c - 3 scrolls of teleportation
 f - a scroll of magic mapping
 h - a scroll of butterflies {unknown}
Potions
 b - a potion of might
 d - a potion of degeneration {unknown}
 e - 2 potions of haste
 g - 2 potions of lignification {unknown}
 i - 3 potions of curing
 j - 2 potions of ambrosia
 k - a potion of mutation {unknown}
 l - a potion of invisibility {unknown}
 m - a potion of brilliance {unknown}


   Skills:
 + Level 3.3 Fighting
 - Level 3.0 Dodging
 - Level 3.0 Shields
 * Level 4.6 Unarmed Combat


You had 3 spell levels left.
You didn't know any spells.
Your spell library was empty.

Dungeon Overview and Level Annotations

Branches:
Dungeon (4/15)
 Temple: D:4-7

Altars:
Ashenzari


Innate Abilities, Weirdness & Mutations

You cannot wear most types of armour.
You are amphibious.
You can wear up to eight rings at the same time.
Your skin changes colour to match your surroundings (Stealth+).
Your rubbery body absorbs attacks. (AC +1, EV +1)
((You are camouflaged when in or above water. (Stealth+)))
You have tentacles for arms and can constrict up to eight enemies at once.


Message History

The orc warrior moves out of view.
You hear a shout!
There are monsters nearby!
The orc priest mumbles some strange prayers to Beogh against you.
Beogh smites you!
The orc priest miscasts a cantrip.
There is a stone staircase leading up here.
You climb upwards.
There is a stone staircase leading down here.
You start resting.
HP restored.
You climb downwards.
The orc priest casts a cantrip, but nothing happens.
The orc priest calls down the wrath of Beogh upon you.
Beogh smites you!
There is a stone staircase leading up here.
The orc priest casts a cantrip, but nothing happens.
The orc priest invokes the aid of Beogh against you.
Beogh smites you!
* * * LOW HITPOINT WARNING * * *
The orc priest closely misses you.
You climb upwards.
There is a stone staircase leading down here.
You tentacle-slap the orc priest. You grab the orc priest.
The orc priest is lightly wounded.
You constrict the orc priest.
The orc priest mumbles some strange prayers to Beogh against you.
Pain shoots through your body!
* * * LOW HITPOINT WARNING * * *
You tentacle-slap the orc priest.
The orc priest is moderately wounded.
You constrict the orc priest, but do no damage.
The orc priest hits you with a +0 dagger.
* * * LOW HITPOINT WARNING * * *
You tentacle-slap the orc priest.
The orc priest is heavily wounded.
You constrict the orc priest.
The orc priest calls down the wrath of Beogh upon you.
Pain shoots through your body!
You die...

...........#..#......)...#
#.#.
...........#..#.#..#.....#
#.#.
#...#.###.......#..#.....#
#..[
#...#.[....#.......#######
###. #...#.######.##.##.#
#. #...#.# #.......#
######. #.....# ####.#####
#...... ......#
#.....o..## #.#####
#####.# #.##.@###.## #.#
#.# #.##.## ##.#####.#
#####.# #.##.# #.......#
....#.# #.##.## ##.#######
......######.###.###.##
#...#......)........##
#.....######.########
#...### #.# #...###
##.#####


You could see an orc priest.

Vanquished Creatures
  3 adders (D:2)
  A dart slug (D:2)
  4 orcs
  4 endoplasms
  2 giant cockroaches
  9 goblins
  9 hobgoblins
  2 jackals (D:1)
  6 quokkas
  4 ball pythons
  7 bats
  4 frilled lizards
  6 kobolds (D:1)
  7 rats
68 creatures vanquished.

Notes
Turn   | Place    | Note
-------+----------+-------------------------------------------
     0 | D:1      | Iniera the Octopode Fighter began the quest for the Orb.
     0 | D:1      | Reached XP level 1. HP: 16/16 MP: 1/1
   139 | D:1      | Reached XP level 2. HP: 21/21 MP: 2/2
   164 | D:1      | Reached skill level 3 in Unarmed Combat
   333 | D:1      | Found a faded altar of an unknown god.
   339 | D:1      | Reached XP level 3. HP: 26/26 MP: 3/3
   909 | D:2      | Reached skill level 4 in Unarmed Combat
   967 | D:2      | Reached XP level 4. HP: 5/31 MP: 4/4
  1676 | D:3      | Found a broken altar of Ashenzari.
  2368 | D:4      | Noticed an orc warrior
  2453 | D:3      | Killed from afar by an orc priest

Illustrated notes

Levels and vault maps discovered:
D:1:      dreamdust_arrival_sigmund_warning, layout_basic,
          hellmonk_ecumenical_altar_arch_garden, kennysheep_crisscross
D:2:      layout_loops_ring, chequers_serial_rivers_micro_e
D:3:      layout_loops_cross, mainiacjoe_overflow_chevrons
D:4:      layout_cave_pools, zin_statuary, minmay_misc_feat_rows, uniq_natasha,
          uniq_eustachio, uniq_blork_the_orc

Skill      XL: |  1  2  3 |
---------------+----------+-----
Unarmed Combat | 3 4 |  4.6
Fighting       | |  3.3
Dodging        | |  3.0
Shields        | |  3.0

Action                     |  1- 3 |  4- 6 || total
---------------------------+-------+-------++-------
  Melee: Unarmed           |    88 |    53 ||   141
         Constrict         |    28 |    14 ||    42
         Tentacles         |    12 |    10 ||    22
         Punch             |     3 |     3 ||     6
    Use: Scroll            |       |     6 ||     6
   Stab: Sleeping          |     2 |     4 ||     6
 Armour: Skin              |     6 |     1 ||     7
  Dodge: Dodged            |    59 |    29 ||    88
  Block: Buckler           |    22 |     4 ||    26

Table legend: (Time is in decaauts)
 A = Elapsed time spent in this place.
 B = Non-inter-level travel time spent in this place.
 C = Inter-level travel time spent in this place.
 D = Time resting spent in this place.
 E = Time spent auto-exploring this place.
 F = Levels seen in this place.
 G = Mean time per level.
                   A        B        C        D        E       F      G
               +--------+--------+--------+--------+--------+-----+--------+
         Total |   2449 |   2392 |     57 |     82 |   1813 |   4 |  612.2 |
       Dungeon |   2449 |   2392 |     57 |     82 |   1813 |   4 |  612.2 |
               +--------+--------+--------+--------+--------+-----+--------+

Top non-repeatable levels by time:
     D:1: 801 daAuts
     D:2: 733 daAuts
     D:3: 683 daAuts
     D:4: 231 daAuts
